Unix NetHack Version 5.0.0-0 post-release - last build May 17 2026 04:57:42 (dc50c8380fa5e20985bfe3072449f57b8d9895ef,branch:main).

Game began 2026-05-20 18:11:05, ended 2026-05-21 14:47:33.

Anarchos, lawful female dwarven Valkyrie

                            -------     -------
                            |.....|--   |..|.>|
                            |.....+.|   |`=...|
                          --|.....|-|   |.--.---
                          |.+.....+.|  --.|.d`.----
                          |.|.....|-| --..|.d.d...|
                          |.|.....+.| |.`.|---`...|
                          |.|.....|-- |`..|..|....|
                          |.|------   |..`|....`..|
                          |.|        --.....`|`...--
                          |.|        |.`..|..|.....|
                          |.|        |..`.|--|.....|
                          |.|        |...--  --.|..|
                          |.|        -----    |.----
                          |.-------------------..|
                          |.^^^^`^^^^.........^.(|
                          ------------------------

Anarchos the Fighter        St:18 Dx:12 Co:20 In:10 Wi:11 Ch:9  Lawful
Dlvl:3  $:0  HP:0(73) Pw:6(6) AC:10 Xp:7 T:8296 

Latest messages:
 You see here a boulder.
 You stop.  The tengu doesn't want to swap places.
 You cannot pass that way.
 You try to move the boulder, but in vain.
 However, you can squeeze yourself into a small opening.
 You cannot get your hand around this boulder.
 You see here a boulder.
 With great effort you move the boulder.
 With great effort you move the boulder.
 The blast of frost bounces!
 The blast of frost hits it.
 The blast of frost hits you!
 You don't feel cold.
 The blast of frost bounces!
 The blast of frost bounces!
 The blast of frost hits you!
 You don't feel cold.
 With great effort you move the boulder.
 The winter wolf cub attacks a spot beside you.
 You begin bashing monsters with your bare hands.
 You hit the winter wolf cub.
 You hit the winter wolf cub.
 The winter wolf cub bites!
 The winter wolf cub bites!
 You hit the winter wolf cub.
 The winter wolf cub bites!
 The winter wolf cub bites!
 You hit the winter wolf cub.
 You hit the winter wolf cub.
 The winter wolf cub bites!
 The winter wolf cub bites!
 The winter wolf cub bites!
 You miss the winter wolf cub.
 You miss the winter wolf cub.
 The winter wolf cub bites!
 The winter wolf cub bites!
 The winter wolf cub bites!
 You miss the winter wolf cub.
 The winter wolf cub bites!
 The winter wolf cub bites!
 The winter wolf cub bites!
 You hit the winter wolf cub.
 Are you sure you want to pray? [yn] (n) y
 You begin praying to Tyr.
 The winter wolf cub bites!
 The winter wolf cub bites!
 You die...
 Do you want your possessions identified? [ynq] (y) y
 Do you want to see your attributes? [ynq] (y) y
 Do you want an account of creatures vanquished? [ynaq] (y) q

Inventory:
 Comestibles  ('%')
  m - an uncursed slime mold

Anarchos the Valkyrie's attributes:

Background:
 You were a Fighter, a level 7 dwarven Valkyrie.
 You were lawful, on a mission for Tyr
 who was opposed by Odin (neutral) and Loki (chaotic).
 You were right-handed.
 You were in Sokoban, on level 3.
 You entered the dungeon 8296 turns ago.
 You had 1207 experience points, 73 more were needed to attain level 8.

Basics:
 You had 0 out of 73 hit points.
 You had all 6 energy points (spell power).
 Your armor class was 10.
 Your wallet was empty.
 Autopickup was on for all types.

Final Characteristics:
 Your strength was 18 (limit:18/100).
 Your dexterity was 12 (limit:20).
 Your constitution was 20 (limit:20).
 Your intelligence was 10 (limit:16).
 Your wisdom was 11 (limit:16).
 Your charisma was 9 (limit:16).

Final Status:
 You weren't hungry.
 You were unencumbered.
 You were bare handed.
 You were unskilled in bare handed combat.
 You weren't wearing any armor.

Final Attributes:
 You were piously aligned.
 You were cold resistant.
 You had infravision.
 You were invisible.
 You were stealthy.
 You were fast.
 You were extremely unlucky.
 You are dead.

Miscellaneous:
 You didn't encounter any bones levels.
 Total elapsed playing time was 4 hours, 55 minutes and 3 seconds.

Major events:
 Turn
    1: Anarchos the lawful dwarven Valkyrie entered the dungeon
  845: entered the Gnomish Mines
  984: attained the rank of Skirmisher (level 3)
 1698: reached Mine Town
 5136: attained the rank of Fighter (level 6)
 6676: entered Sokoban
 7048: completed 1st Sokoban level
 7448: completed 2nd Sokoban level
 7796: completed 3rd Sokoban level
 8296: killed by a winter wolf cub, while praying

Spells:
 Name                 Level Category     Fail Retention
 slow monster           2   enchantment  100%   51%-75%

Skills:
 Fighting Skills
   bare handed combat [Unskilled]
   two weapon combat  [Unskilled]
   riding             [Unskilled]
 Weapon Skills
   dagger             [Basic]
   axe                [Unskilled]
   pick-axe           [Unskilled]
   short sword        [Unskilled]
   broadsword         [Unskilled]
   long sword         [Unskilled]
   two-handed sword   [Unskilled]
   saber              [Unskilled]
   hammer             [Unskilled]
   quarterstaff       [Unskilled]
   polearms           [Unskilled]
   spear              [Expert]
   trident            [Unskilled]
   lance              [Unskilled]
   sling              [Unskilled]
 Spellcasting Skills
   attack spells      [Unskilled]
   escape spells      [Unskilled]

Voluntary challenges:
 Character rerolling was not enabled.
 You never genocided any monsters.
 You never polymorphed an object.
 You used no wishes.
 You violated the special Sokoban rules 11 times.
Achievements:
 You entered a shop.
 You entered the Gnomish Mines.
 You attained the rank of Skirmisher.
 You entered Minetown.
 You entered a temple.
 You attained the rank of Fighter.
 You entered Sokoban.

 The Dungeons of Doom: levels 1 to 7
    Level 1:
       A sink.
    Level 2:
       A fountain.
    Level 3:
       An armor shop.
       Stairs down to The Gnomish Mines.
    Level 4:
       A general store.
    Level 5:
    Level 6:
       Oracle of Delphi.
    Level 7:
       An altar to Tyr, a sink.
       Stairs up to Sokoban, level 6.
 The Gnomish Mines: levels 4 to 7
    Level 4:
    Level 5:
    Level 6:
       Many shops, a temple and an altar, some fountains.
    Level 7:
 Sokoban: levels 6 up to 3
    Level 3: <- You were here.
       Unsolved.
       Final resting place for
          you, killed by a winter wolf cub, while praying.
    Level 4:
       Solved.
    Level 5:
       Solved.
    Level 6:
       Solved.


Vanquished creatures:
  a giant mimic
  a small mimic
  a flaming sphere
  a wolf
  a leprechaun
 an iron piercer
 an ice vortex
  a rust monster
  a blue jelly
  a raven
 an imp
  a mountain nymph
  9 Uruk-hai
 an orc shaman
  a rock mole
  a pony
  a fog cloud
  3 yellow lights
  2 shriekers
  a violet fungus
  a gnome leader
  a golden naga hatchling
  a guardian naga hatchling
  a gray ooze
 an elf zombie
  a straw golem
  3 paper golems
  a giant ant
  2 little dogs
  3 dwarves
  5 kobold leaders
  4 hill orcs
  8 rothes
  a rabid rat
  3 centipedes
  3 giant bats
  4 dwarf zombies
  a wererat
  a werejackal
  2 iguanas
  4 killer bees
  a hobbit
  a large kobold
  3 hobgoblins
  7 giant rats
  6 cave spiders
  3 yellow molds
  a green mold
  9 gnomes
  a gnome zombie
  7 geckos
  7 jackals
  a fox
  a kobold
  a goblin
  2 sewer rats
  3 grid bugs
  8 lichens
  a kobold zombie
  2 newts
147 creatures vanquished.

No species were genocided or became extinct.

Game over:
                       ----------
                      /          \
                     /    REST    \
                    /      IN      \
                   /     PEACE      \
                  /                  \
                  |     Anarchos     |
                  |       0 Au       |
                  |   killed by a    |
                  | winter wolf cub  |
                  |                  |
                  |                  |
                  |       2026       |
                 *|     *  *  *      | *
        _________)/\\_//(\/(/\)/\//\/|_)_______

Farvel Anarchos the Valkyrie...

You died in Sokoban on dungeon level 3 with 5208 points,
and 0 pieces of gold, after 8296 moves.
You were level 7 with a maximum of 73 hit points when you died.

